 Dungeon Crawl Stone Soup version 0.24.0-2-g5b39cebb1c (webtiles) character file.

Game seed: 10560340495258623651, levelgen mode: deterministic

27 lepoulpe303 the Sneak (level 2, -2/13 HPs)
             Began as a Spriggan Enchanter on Oct 29, 2019.
             Killed by nerve-wracking pain
             ... invoked by Jessica
              (12 damage)
             ... on level 2 of the Dungeon.
             The game lasted 00:06:41 (1474 turns).

lepoulpe303 the Sneak (Spriggan Enchanter)          Turns: 1474, Time: 00:06:41

Health: -2/13      AC:  2    Str:  4    XL:     2   Next: 93%
Magic:  0/6        EV: 18    Int: 16    God:
Gold:   50         SH:  0    Dex: 16    Spells: 3/6 levels left

rFire    . . .     SeeInvis +   a - +1 dagger
rCold    . . .     Gourm    .   (shield restricted)
rNeg     . . .     Faith    .   b - +0 robe
rPois    .         Spirit   .   (helmet restricted)
rElec    .         Reflect  .   (no cloak)
rCorr    .         Harm     .   (gloves unavailable)
MR       .....                  (boots unavailable)
Stlth    +++.......             (no amulet)
HPRegen  0.04/turn              (no ring)
MPRegen  0.10/turn              (no ring)

@: very quick
A: very small, unfitting armour, see invisible, herbivore, speed 3, slow
metabolism 2
a: no special abilities


You were on level 2 of the Dungeon.
You were not hungry.

You visited 1 branch of the dungeon, and saw 2 of its levels.

You collected 50 gold pieces.

Inventory:

Hand Weapons
 a - a +1 dagger (weapon)
Missiles
 m - 20 poisoned darts
 Q - 5 stones (quivered)
Armour
 b - a +0 robe (worn)
Jewellery
 g - an uncursed ring of magical power {unknown}
Scrolls
 d - a scroll of magic mapping {unknown}
 f - a scroll of enchant weapon {unknown}
 h - a scroll of identify {unknown}
 i - a scroll of amnesia {unknown}
 k - a scroll of random uselessness {unknown}
 l - a scroll of teleportation {unknown}
Potions
 c - a potion of haste {unknown}
 j - a potion of curing {unknown}
Comestibles
 e - 3 rations


   Skills:
 + Level 2.4 Short Blades
 - Level 3.0 Dodging
 + Level 5.5 Stealth
 - Level 2.6 Spellcasting
 - Level 3.6 Hexes


You had 3 spell levels left.
You knew the following spells:

 Your Spells              Type           Power        Failure   Level  Hunger
a - Ensorcelled Hibernat  Hex/Ice        #.....       14%         2    ##.....
v - Corona                Hex            ##.....      4%          1    #......

Your spell library contained the following spells:

 Spells                   Type           Power        Failure   Level  Hunger
 Confuse                  Hex            ##......     13%         3    ###....
 Tukima's Dance           Hex            ##......     13%         3    ###....
 Dazzling Spray           Conj/Hex       #.....       28%         3    ###....


Dungeon Overview and Level Annotations

Branches:
Dungeon (2/15)

Altars:

Annotations:
D:2 Jessica


Innate Abilities, Weirdness & Mutations

You are very small and have problems with some larger weapons.
You are too small for most types of armour.
You have supernaturally acute eyesight. (SInv)
You are a herbivore.
You cover ground extremely quickly.
You need to consume almost no food.


Message History

You hit Jessica. Jessica completely misses you.
Okay, then.
Aim: Jessica, wearing a +0 robe (moderately wounded, chance to defeat MR: 48%) Jessica resists with some effort.
Jessica drinks a potion.
Jessica suddenly seems more agile.
Health restored: 13 You now have 4/6 mp.
Aim: Jessica, wearing a +0 robe (moderately wounded, unusually agile, chance to defeat MR: 48%) Jessica resists with some effort.
Jessica hits you.
You take 3 damage, and have 10/13 hp.
MASSIVE DAMAGE!!
You now have 2/6 mp.
Aim: Jessica, wearing a +0 robe (moderately wounded, unusually agile, chance to defeat MR: 48%) Jessica resists with some effort.
* * * LOW MAGIC WARNING * * *
Jessica gestures at you while chanting. Pain shoots through your body!
Ouch! That really hurt!
You die...

## #. #. #.
#. #.#####
######.....#
.........#.#
########@#.#
....##@#.#
#.....#
#.#.###
...#.# ###
#.# ####.#
###..).#####
#..........#


You could see Jessica.

Levels and vault maps discovered:
D:1:      nagdon_arrival_zigzag_paths, layout_basic
D:2:      minmay_spotlight, layout_basic, first_ration,
          kennysheep_cross_bottleneck, uniq_jessica

Notes
Turn   | Place    | Note
-------+----------+-------------------------------------------
     0 | D:1      | lepoulpe303 the Spriggan Enchanter began the quest for the
                  | Orb.
     0 | D:1      | Reached XP level 1. HP: 9/9 MP: 5/5
   431 | D:1      | Reached XP level 2. HP: 13/13 MP: 6/6
   435 | D:1      | Learned a level 2 spell: Ensorcelled Hibernation
   601 | D:1      | Reached skill level 5 in Stealth
   630 | D:1      | Reached skill level 2 in Short Blades
  1151 | D:1      | Identified a +0 dagger
  1223 | D:1      | Identified a +0 hand axe
  1465 | D:2      | Identified a +0 robe
  1465 | D:2      | Noticed Jessica
  1474 | D:2      | Killed from afar by Jessica

Table legend:
 A = Turns spent in this place as a percentage of turns spent in the entire game.
 B = Non-inter-level travel turns spent in this place as a percentage of non-inter-level travel turns spent in the entire game.
 C = Inter-level travel turns spent in this place as a percentage of turns spent in this place.
 D = Turns resting spent in this place as a percentage of non-inter-level travel turns spent in this place.
 E = Turns spent auto-exploring this place as a percentage of non-inter-level travel turns spent in this place.
 F = Non-inter-level travel turns spent in this place divided by the number of levels of this place that you've seen.
                   A       B       C       D       E      F
               +-------+-------+-------+-------+-------+----------------------
         Total | 100.0 | 100.0 |  13.0 |  18.5 |  55.8 | 641.5
       Dungeon | 100.0 | 100.0 |  13.0 |  18.5 |  55.8 | 641.5
               +-------+-------+-------+-------+-------+----------------------

Table legend:
 A = Kills in this place as a percentage of kills in entire the game.
 B = Kills by you in this place as a percentage of kills by you in the entire game.
 C = Kills by friends in this place as a percentage of kills by friends in the entire game.
 D = Other kills in this place as a percentage of other kills in the entire game.
 E = Experience gained in this place as a percentage of experience gained in the entire game.
 F = Experience gained in this place divided by the number of levels of this place that you have seen.
                   A       B       C       D       E      F
               +-------+-------+-------+-------+-------+----------------------
         Total | 100.0 | 100.0 |   N/A |   N/A | 100.0 |  19.5
       Dungeon | 100.0 | 100.0 |   N/A |   N/A | 100.0 |  19.5
               +-------+-------+-------+-------+-------+----------------------

Skill      XL: |  1  2 |
---------------+-------+-----
Stealth        | 5 |  5.5
Short Blades   | 2 |  2.4
Dodging        | |  3.0
Spellcasting   | |  2.6
Hexes          | |  3.6

Action                   || total
-------------------------++-------
Melee: Dagger            ||    82
 Cast: Corona            ||     1
       Ensorcelled Hiber ||     3
 Stab: Sleeping          ||     7
       Distracted        ||     1
Armor: Robe              ||     7
Dodge: Dodged            ||    58

Vanquished Creatures
  3 dart slugs (D:1)
  A leopard gecko (D:1)
  2 goblins (D:1)
  2 hobgoblins
  4 jackals (D:1)
  3 bats
  A frilled lizard (D:1)
  3 kobolds (D:1)
  A rat (D:1)
20 creatures vanquished.
